Arizona Coyotes vs Philadelphia Flyers

Created - Wednesday, January 14, 2026 at 12:34

Goals
1 2 3 T
Arizona Coyotes 0 4 1 5
Philadelphia Flyers 2 1 0 3
Shots
1 2 3 T
Arizona Coyotes 9 14 11 34
Philadelphia Flyers 16 10 9 35

1st period

1. Philadelphia Flyers , Thomas Novak 1 (Kaapo Kakko 1, Cody Glass 1) at 11:44 (PP)
2. Philadelphia Flyers , Cole Guttman 1 (Thomas Novak 1, Alex Steeves 1) at 19:50

Penalties :
Paul Cotter (PHI) for Cross-checking (Minor) at 8:31, Mason McTavish (AZC) for Tripping (Minor) at 11:32

2nd period

3. Arizona Coyotes , Mason McTavish 1 (Ryan Donato 1) at 4:50
4. Arizona Coyotes , Aliaksei Protas 1 (Tyler Bertuzzi 1) at 5:04 (PP)
5. Philadelphia Flyers , Colton Sissons 1 (Jeff Skinner 1, Kirby Dach 1) at 7:56 (PP)
6. Arizona Coyotes , Kiefer Sherwood 1 (Charlie Coyle 1) at 8:55
7. Arizona Coyotes , Anders Lee 1 (Johnathan Kovacevic 1, Radko Gudas 1) at 18:51

Penalties :
Kaapo Kakko (PHI) for Slashing (Minor) at 4:59, Mason McTavish (AZC) for Interference (Minor) at 7:50

3rd period

8. Arizona Coyotes , Kiefer Sherwood 2 (Anders Lee 1, Brayden McNabb 1) at 18:16

Penalties :
J.J. Moser (PHI) for Slashing (Minor) at 0:04, J.J. Moser (PHI) for Diving (Minor) at 2:26, Nick Blankenburg (PHI) for Roughing (Minor) at 11:00

Goalie Stats

Elvis Merzlikins (AZC), 32 saves from 35 shots - (0.914), W, 1-0-0, 60:00 minutes
Jake Allen (PHI), 29 saves from 34 shots - (0.853), L, 0-1-0, 60:00 minutes

Players Stats for Arizona Coyotes

Player Name              G  A  P  +/- PIM S  H  SB GA TA FO     MP     PP MP  PK MP  
------------------------------------------------------------------------------------
Aliaksei Protas          1  0  1   0  0   4  4  0  0  1  2/13   18:50   3:52   0:00 
Anders Lee               1  1  2   3  0   4  2  0  1  0  0/2    18:54   4:05   0:12 
Anthony DeAngelo         0  0  0   1  0   0  2  1  0  0  0/0    13:24   0:00   0:00 
Brayden McNabb           0  1  1   0  0   0  1  1  0  0  0/0    20:35   4:02   0:06 
Charlie Coyle            0  1  1   3  0   4  4  0  0  0  15/28  18:54   4:05   0:12 
Erik Haula               0  0  0   0  0   1  1  0  0  0  2/4     9:08   0:00   0:00 
Jared Spurgeon           0  0  0   0  0   0  1  1  1  3  0/0    20:35   4:02   0:06 
Johnathan Kovacevic      0  1  1   2  0   5  3  1  0  2  0/0    26:01   3:59   0:12 
Kiefer Sherwood          2  0  2   3  0   5  1  0  1  0  1/4    18:48   4:05   0:06 
Mason McTavish           1  0  1   0  4   2  1  0  0  0  7/9    13:17   0:04   0:00 
Mats Zuccarello          0  0  0   0  0   2  0  1  0  0  1/3    19:02   3:56   0:06 
Nick Seeler              0  0  0   1  0   0  1  0  0  1  0/0    13:24   0:00   0:00 
Ondrej Palat             0  0  0   0  0   1  1  0  0  0  0/0     9:08   0:00   0:00 
Radko Gudas              0  1  1   2  0   4  2  2  0  1  0/0    26:01   3:59   0:12 
Ross Colton              0  0  0   0  0   0  2  1  0  0  0/0     9:08   0:00   0:00 
Ryan Donato              0  1  1   0  0   1  1  0  0  0  0/0    12:59   0:00   0:00 
Tyler Bertuzzi           0  1  1   0  0   1  2  1  0  2  0/0    18:49   3:56   0:00 
Vladimir Tarasenko       0  0  0   0  0   0  2  0  1  0  0/1    12:43   0:00   0:00 

Players Stats for Philadelphia Flyers

Player Name              G  A  P  +/- PIM S  H  SB GA TA FO     MP     PP MP  PK MP  
------------------------------------------------------------------------------------
Alex Steeves             0  1  1   0  0   0  1  3  0  0  5/12   13:27   0:00   0:00 
Brandon Duhaime          0  0  0  -2  0   2  0  1  1  0  1/1    16:12   0:00   3:50 
Cody Glass               0  1  1  -2  0   2  0  3  0  1  4/13   12:48   0:12   0:00 
Cole Guttman             1  0  1   0  0   2  3  1  0  0  1/1    13:27   0:00   0:00 
Colton Sissons           1  0  1  -1  0   5  3  0  1  0  13/17  16:32   0:06   3:57 
Henri Jokiharju          0  0  0   1  0   0  1  2  0  0  0/0    18:14   0:00   3:06 
J.J. Moser               0  0  0  -1  4   0  0  1  0  0  0/0    19:56   0:06   1:58 
Jack McBain              0  0  0  -1  0   1  0  0  0  0  0/0    16:25   0:00   3:56 
Jeff Skinner             0  1  1   0  0   2  0  0  1  0  0/0    13:37   0:06   0:15 
Joel Edmundson           0  0  0  -3  0   2  1  0  0  1  0/0    23:07   0:06   3:54 
Kaapo Kakko              0  1  1  -2  2   3  1  1  1  0  0/0    12:59   0:12   0:08 
Kirby Dach               0  1  1  -1  0   5  1  0  2  1  1/1    12:07   0:06   0:00 
Nick Blankenburg         0  0  0  -3  2   4  4  1  1  0  0/0    21:17   0:12   3:10 
Paul Cotter              0  0  0   0  2   2  1  0  2  1  1/2    13:08   0:00   0:00 
Radek Faksa              0  0  0   0  0   1  1  0  0  0  10/17  17:08   0:00   3:56 
Thomas Novak             1  1  2   0  0   3  0  4  1  0  0/0    13:39   0:12   0:00 
Will Borgen              0  0  0  -1  0   1  2  0  0  0  0/0    22:00   0:00   3:54 
Zac Jones                0  0  0   1  0   0  0  0  0  0  0/0    15:51   0:12   0:00 

3 Stars

1 - Kiefer Sherwood (AZC)
2 - Anders Lee (AZC)
3 - Charlie Coyle (AZC)

Power Play

Arizona Coyotes - 1 on 5 Attempt(s) - 20.00%
Philadelphia Flyers - 2 on 2 Attempt(s) - 100.00%

Penalty Kill

Arizona Coyotes - 0 on 2 Attempt(s) - 0.00% - Score 0 goal in Penalty Kill
Philadelphia Flyers - 4 on 5 Attempt(s) - 80.00% - Score 0 goal in Penalty Kill

Team Stat

Arizona Coyotes - Hits : 31 - Faceoff Wins : 28 - Blocked Shots : 9 - Penalty Minutes : 4
Philadelphia Flyers - Hits : 19 - Faceoff Wins : 36 - Blocked Shots : 17 - Penalty Minutes : 10

Official

Referees : Gord Dwyer and Kevin Pollock
Linesman : Joseph Mahon and Andrew Smith

Game Notes

No Game Note

Finance

Level 1 -- Attendance: 5781 (96.35%) -- Ticket Income $526,071
Level 2 -- Attendance: 4509 (90.18%) -- Ticket Income $234,468
Level 3 -- Attendance: 3000 (100.00%) -- Ticket Income $84,000
Level 4 -- Attendance: 4792 (95.84%) -- Ticket Income $86,256
Luxury Box -- Attendance: 878 (87.80%) -- Ticket Income $166,820
Game was played at the Wells Fargo Center.
Total Attendance: 18960 (94.80%)
Total Ticket Income: $1,097,615
Other Income: $384,165
Total Income: $1,481,780

Arizona Coyotes

5 vs 5 Forward 
   Center                   Left Wing                Right Wing               Time % Phy DF OF 
 1 Charlie Coyle            Anders Lee               Kiefer Sherwood          30     1   2  2  
 2 Aliaksei Protas          Mats Zuccarello          Tyler Bertuzzi           30     1   2  2  
 3 Mason McTavish           Ryan Donato              Vladimir Tarasenko       25     1   2  2  
 4 Erik Haula               Ross Colton              Ondrej Palat             15     1   2  2  

5 vs 5 Defense 
   Defense                  Defense                                           Time % Phy DF OF 
 1 Radko Gudas              Johnathan Kovacevic                               30     1   2  2  
 2 Brayden McNabb           Jared Spurgeon                                    30     1   2  2  
 3 Nick Seeler              Anthony DeAngelo                                  25     1   2  2  
 4 Radko Gudas              Johnathan Kovacevic                               15     1   2  2  

PowerPlay Forward 
   Center                   Left Wing                Right Wing               Time % Phy DF OF 
 1 Charlie Coyle            Anders Lee               Kiefer Sherwood          50     1   2  2  
 2 Aliaksei Protas          Mats Zuccarello          Tyler Bertuzzi           50     1   2  2  

PowerPlay Defense
   Defense                  Defense                                           Time % Phy DF OF 
 1 Radko Gudas              Johnathan Kovacevic                               50     1   2  2  
 2 Brayden McNabb           Jared Spurgeon                                    50     1   2  2  

Penalty Kill 4 Players Forward 
   Center                   Wing                     Time % Phy DF OF 
 1 Anders Lee               Charlie Coyle            50     1   2  2  
 2 Kiefer Sherwood          Mats Zuccarello          50     1   2  2  

Penalty Kill 4 Players Defense
   Defense                  Defense                  Time % Phy DF OF 
 1 Radko Gudas              Johnathan Kovacevic      50     1   2  2  
 2 Brayden McNabb           Jared Spurgeon           50     1   2  2  

Penalty Kill - 3 Players Forward 
   Forward                                           Time % Phy DF OF 
 1 Anders Lee                                        50     1   2  2  
 2 Charlie Coyle                                     50     1   2  2  

Penalty Kill - 3 Players Defense
   Defense                  Defense                  Time % Phy DF OF 
 1 Radko Gudas              Johnathan Kovacevic      50     1   2  2  
 2 Brayden McNabb           Jared Spurgeon           50     1   2  2  

4 vs 4 Forward 
   Center                   Wing                     Time % Phy DF OF 
 1 Anders Lee               Charlie Coyle            50     1   2  2  
 2 Kiefer Sherwood          Mats Zuccarello          50     1   2  2  

4 vs 4 Defense
   Defense                  Defense                  Time % Phy DF OF 
 1 Radko Gudas              Johnathan Kovacevic      50     1   2  2  
 2 Brayden McNabb           Jared Spurgeon           50     1   2  2  

Last Minutes Offensive
   Center                   Left Wing                Right Wing               Defense                  Defense                  
   Charlie Coyle            Anders Lee               Kiefer Sherwood          Radko Gudas              Johnathan Kovacevic      

Last Minutes Defensive
   Center                   Left Wing                Right Wing               Defense                  Defense                  
   Charlie Coyle            Anders Lee               Kiefer Sherwood          Radko Gudas              Johnathan Kovacevic      

Goaltenders
Starting : Elvis Merzlikins         
Backup : Tristan Jarry            

Extra Forwards
Normal : Mason McTavish, Ryan Donato, Vladimir Tarasenko - PP : Mason McTavish, Ryan Donato - PK : Vladimir Tarasenko
Extra Defensemen
Normal : Nick Seeler, Anthony DeAngelo, Brayden McNabb - PP : Nick Seeler - PK : Anthony DeAngelo, Brayden McNabb
Penalty Shots
Anders Lee, Charlie Coyle, Kiefer Sherwood, Mats Zuccarello, Aliaksei Protas

Scratches
Matt Dumba (Healthy), Corson Ceulemans (Healthy), Dyllan Gill (Healthy), Carter Hart (Healthy), Kaapo Kahkonen (Healthy)

Philadelphia Flyers

5 vs 5 Forward 
   Center                   Left Wing                Right Wing               Time % Phy DF OF 
 1 Colton Sissons           Kirby Dach               Jack McBain              25     1   2  2  
 2 Cody Glass               Kaapo Kakko              Brandon Duhaime          25     1   2  2  
 3 Alex Steeves             Thomas Novak             Cole Guttman             25     1   2  2  
 4 Radek Faksa              Jeff Skinner             Paul Cotter              25     1   2  2  

5 vs 5 Defense 
   Defense                  Defense                                           Time % Phy DF OF 
 1 Joel Edmundson           Nick Blankenburg                                  35     1   2  2  
 2 J.J. Moser               Will Borgen                                       35     1   2  2  
 3 Zac Jones                Henri Jokiharju                                   30     1   2  2  
 4 Joel Edmundson           Nick Blankenburg                                  0      1   2  2  

PowerPlay Forward 
   Center                   Left Wing                Right Wing               Time % Phy DF OF 
 1 Cody Glass               Thomas Novak             Kaapo Kakko              50     1   2  2  
 2 Colton Sissons           Jeff Skinner             Kirby Dach               50     1   2  2  

PowerPlay Defense
   Defense                  Defense                                           Time % Phy DF OF 
 1 Nick Blankenburg         Zac Jones                                         50     1   2  2  
 2 J.J. Moser               Joel Edmundson                                    50     1   2  2  

Penalty Kill 4 Players Forward 
   Center                   Wing                     Time % Phy DF OF 
 1 Colton Sissons           Brandon Duhaime          50     1   2  2  
 2 Radek Faksa              Jack McBain              50     1   2  2  

Penalty Kill 4 Players Defense
   Defense                  Defense                  Time % Phy DF OF 
 1 J.J. Moser               Nick Blankenburg         50     1   2  2  
 2 Joel Edmundson           Will Borgen              50     1   2  2  

Penalty Kill - 3 Players Forward 
   Forward                                           Time % Phy DF OF 
 1 Colton Sissons                                    50     1   2  2  
 2 Kaapo Kakko                                       50     1   2  2  

Penalty Kill - 3 Players Defense
   Defense                  Defense                  Time % Phy DF OF 
 1 J.J. Moser               Nick Blankenburg         50     1   2  2  
 2 Joel Edmundson           Will Borgen              50     1   2  2  

4 vs 4 Forward 
   Center                   Wing                     Time % Phy DF OF 
 1 Colton Sissons           Kirby Dach               50     1   2  2  
 2 Cody Glass               Kaapo Kakko              50     1   2  2  

4 vs 4 Defense
   Defense                  Defense                  Time % Phy DF OF 
 1 Joel Edmundson           Nick Blankenburg         50     1   2  2  
 2 J.J. Moser               Will Borgen              50     1   2  2  

Last Minutes Offensive
   Center                   Left Wing                Right Wing               Defense                  Defense                  
   Cody Glass               Thomas Novak             Kaapo Kakko              Nick Blankenburg         Zac Jones                

Last Minutes Defensive
   Center                   Left Wing                Right Wing               Defense                  Defense                  
   Colton Sissons           Radek Faksa              Brandon Duhaime          J.J. Moser               Nick Blankenburg         

Goaltenders
Starting : Jake Allen               
Backup : Dennis Hildeby           

Extra Forwards
Normal : Colton Sissons, Cody Glass, Kaapo Kakko - PP : Cody Glass, Colton Sissons - PK : Colton Sissons
Extra Defensemen
Normal : J.J. Moser, Nick Blankenburg, Joel Edmundson - PP : J.J. Moser - PK : J.J. Moser, Nick Blankenburg
Penalty Shots
Paul Cotter, Kirby Dach, Cody Glass, Thomas Novak, Radek Faksa

Scratches
Juuso Parssinen (Healthy), Miles Wood (Healthy), Josh Mahura (Healthy), Louis Crevier (Healthy), Dylan Roobroeck (Healthy)

% Time on Ice - Arizona Coyotes

Lines # - Real PCT - Wanted PCT - Time Play
Normal Forward
1 - 28% - 30% - 14:37
2 - 30% - 30% - 15:37
3 - 24% - 25% - 12:19
4 - 18% - 15% - 9:08
Normal Defense
1 - 30% - 30% - 15:29
2 - 32% - 30% - 16:27
3 - 26% - 25% - 13:24
4 - 12% - 15% - 6:21
PP Forward
1 - 51% - 50% - 4:05
2 - 49% - 50% - 3:56
PP Defense
1 - 50% - 50% - 3:59
2 - 50% - 50% - 4:02
PK Forward
1 - 67% - 50% - 0:12
2 - 33% - 50% - 0:06
PK Defense
1 - 67% - 50% - 0:12
2 - 33% - 50% - 0:06
PK3 Forward
1 - 0% - 50%
2 - 0% - 50%
PK3 Defense
1 - 0% - 50%
2 - 0% - 50%
44 Forward
1 - 0% - 50%
2 - 0% - 50%
44 Defense
1 - 0% - 50%
2 - 0% - 50%
Last Minute Offensive  - 0:00
Last Minute Defensive  - 0:00
Total
Forward - 60:00
Defense - 60:00

% Time on Ice - Philadelphia Flyers

Lines # - Real PCT - Wanted PCT - Time Play
Normal Forward
1 - 23% - 25% - 12:01
2 - 25% - 25% - 13:08
3 - 26% - 25% - 13:27
4 - 25% - 25% - 13:05
Normal Defense
1 - 35% - 35% - 17:56
2 - 35% - 35% - 18:06
3 - 30% - 30% - 15:39
4 - 0% - 0% - 0:00
PP Forward
1 - 67% - 50% - 0:12
2 - 33% - 50% - 0:06
PP Defense
1 - 67% - 50% - 0:12
2 - 33% - 50% - 0:06
PK Forward
1 - 49% - 50% - 3:57
2 - 51% - 50% - 4:04
PK Defense
1 - 51% - 50% - 4:07
2 - 49% - 50% - 3:54
PK3 Forward
1 - 0% - 50%
2 - 0% - 50%
PK3 Defense
1 - 0% - 50%
2 - 0% - 50%
44 Forward
1 - 0% - 50%
2 - 0% - 50%
44 Defense
1 - 0% - 50%
2 - 0% - 50%
Last Minute Offensive  - 0:00
Last Minute Defensive  - 0:00
Total
Forward - 60:00
Defense - 60:00

Play-by-Play

1st period


0:01 of 1st period - Colton Sissons wins face-off versus Anders Lee in neutral zone.
1:08 of 1st period - Jared Spurgeon is hit by Paul Cotter and loses puck.
2:06 of 1st period - Cody Glass is hit by Nick Seeler and loses puck.
2:34 of 1st period - Henri Jokiharju is hit by Brayden McNabb and loses puck.
2:53 of 1st period - Wrist shot by Thomas Novak.
2:53 of 1st period - Shot Blocked by Radko Gudas.
3:26 of 1st period - Snap shot by Alex Steeves.
3:26 of 1st period - Shot Blocked by Radko Gudas.
3:28 of 1st period - Slapshot by Nick Blankenburg.
3:28 of 1st period - Deflect By Thomas Novak.
3:28 of 1st period - Stopped by Elvis Merzlikins with a rebound.
3:30 of 1st period - Slapshot by Nick Blankenburg.
3:30 of 1st period - Stopped by Elvis Merzlikins with a rebound.
3:40 of 1st period - Wrist shot by Thomas Novak.
3:40 of 1st period - Shot Misses the Net.
3:42 of 1st period - Slapshot by Joel Edmundson.
3:42 of 1st period - Shot Blocked by Johnathan Kovacevic.
3:44 of 1st period - Slapshot by Joel Edmundson.
3:44 of 1st period - Stopped by Elvis Merzlikins without a rebound.
3:45 of 1st period - Radek Faksa wins face-off versus Aliaksei Protas in Arizona Coyotes zone.
4:12 of 1st period - Zac Jones is hit by Charlie Coyle and loses puck.
4:37 of 1st period - Wrist shot by Erik Haula.
4:37 of 1st period - Shot Blocked by Cody Glass.
5:17 of 1st period - Wrist shot by Mats Zuccarello.
5:17 of 1st period - Stopped by Jake Allen without a rebound.
5:18 of 1st period - Radek Faksa wins face-off versus Aliaksei Protas in Philadelphia Flyers zone.
5:35 of 1st period - Icing by Aliaksei Protas.
5:36 of 1st period - Colton Sissons wins face-off versus Aliaksei Protas in Arizona Coyotes zone.
5:59 of 1st period - Mats Zuccarello is hit by Kirby Dach and loses puck.
6:12 of 1st period - Wrist shot by Kirby Dach.
6:12 of 1st period - Stopped by Elvis Merzlikins with a rebound.
6:14 of 1st period - Slapshot by Nick Blankenburg.
6:14 of 1st period - Deflect By Kirby Dach.
6:14 of 1st period - Shot Blocked by Mats Zuccarello.
6:14 of 1st period - Puck is out of play.
6:15 of 1st period - Charlie Coyle wins face-off versus Alex Steeves in Arizona Coyotes zone.
6:26 of 1st period - Snap shot by Charlie Coyle.
6:26 of 1st period - Stopped by Jake Allen without a rebound.
6:27 of 1st period - Charlie Coyle wins face-off versus Cody Glass in Philadelphia Flyers zone.
7:18 of 1st period - Slapshot by Paul Cotter.
7:18 of 1st period - Stopped by Elvis Merzlikins with a rebound.
7:26 of 1st period - Slapshot by Paul Cotter.
7:26 of 1st period - Stopped by Elvis Merzlikins with a rebound.
8:05 of 1st period - Colton Sissons is hit by Charlie Coyle and loses puck.
8:31 of 1st period - Minor Penalty to Paul Cotter for Cross-checking.
8:32 of 1st period - Colton Sissons wins face-off versus Charlie Coyle in Philadelphia Flyers zone.
8:32 of 1st period - Colton Sissons is hit by Kiefer Sherwood.
8:58 of 1st period - Radko Gudas is hit by Colton Sissons and loses puck.
9:58 of 1st period - Nick Blankenburg is hit by Jared Spurgeon and loses puck.
10:31 of 1st period - Penalty to Paul Cotter is over, Paul Cotter is back on ice.
11:01 of 1st period - Wrist shot by Jeff Skinner.
11:01 of 1st period - Stopped by Elvis Merzlikins with a rebound.
11:03 of 1st period - Snap shot by Radek Faksa.
11:03 of 1st period - Shot Misses the Net.
11:15 of 1st period - Snap shot by Brandon Duhaime.
11:15 of 1st period - Stopped by Elvis Merzlikins with a rebound.
11:32 of 1st period - Minor Penalty to Mason McTavish for Tripping.
11:33 of 1st period - Cody Glass wins face-off versus Anders Lee in Arizona Coyotes zone.
11:44 of 1st period - Snap shot by Thomas Novak.
11:44 of 1st period - Goal by Thomas Novak - Arizona Coyotes : 0 - Philadelphia Flyers : 1.
11:45 of 1st period - Radek Faksa wins face-off versus Charlie Coyle in neutral zone.
12:10 of 1st period - Jack McBain is hit by Tyler Bertuzzi and loses puck.
12:19 of 1st period - Wrist shot by Aliaksei Protas.
12:19 of 1st period - Stopped by Jake Allen with a rebound.
12:21 of 1st period - Slapshot by Radko Gudas.
12:21 of 1st period - Stopped by Jake Allen without a rebound.
12:22 of 1st period - Charlie Coyle wins face-off versus Alex Steeves in Philadelphia Flyers zone.
12:23 of 1st period - Wrist shot by Anders Lee.
12:23 of 1st period - Shot Misses the Net.
12:25 of 1st period - Slapshot by Radko Gudas.
12:25 of 1st period - Shot Blocked by J.J. Moser.
12:27 of 1st period - Slapshot by Johnathan Kovacevic.
12:27 of 1st period - Stopped by Jake Allen without a rebound.
12:28 of 1st period - Charlie Coyle wins face-off versus Alex Steeves in Philadelphia Flyers zone.
13:12 of 1st period - Icing by Radko Gudas.
13:13 of 1st period - Mason McTavish wins face-off versus Radek Faksa in Arizona Coyotes zone.
13:24 of 1st period - Snap shot by Ryan Donato.
13:24 of 1st period - Shot Hit the Post.
13:58 of 1st period - Cody Glass is hit by Aliaksei Protas and loses puck.
14:11 of 1st period - Wrist shot by Mats Zuccarello.
14:11 of 1st period - Stopped by Jake Allen without a rebound.
14:12 of 1st period - Mason McTavish wins face-off versus Alex Steeves in Philadelphia Flyers zone.
14:19 of 1st period - Snap shot by Mason McTavish.
14:19 of 1st period - Shot Misses the Net.
14:21 of 1st period - Slapshot by Anthony DeAngelo.
14:21 of 1st period - Shot Blocked by Alex Steeves.
14:37 of 1st period - Anthony DeAngelo is hit by Radek Faksa and loses puck.
15:18 of 1st period - Kaapo Kakko is hit by Ross Colton and loses puck.
15:23 of 1st period - Snap shot by Ross Colton.
15:23 of 1st period - Shot Blocked by Cody Glass.
15:25 of 1st period - Slapshot by Johnathan Kovacevic.
15:25 of 1st period - Shot Blocked by Kaapo Kakko.
15:27 of 1st period - Slapshot by Ondrej Palat.
15:27 of 1st period - Stopped by Jake Allen with a rebound.
15:37 of 1st period - Jared Spurgeon is hit by Alex Steeves and loses puck.
15:42 of 1st period - Snap shot by Cole Guttman.
15:42 of 1st period - Stopped by Elvis Merzlikins with a rebound.
15:44 of 1st period - Slapshot by Nick Blankenburg.
15:44 of 1st period - Stopped by Elvis Merzlikins with a rebound.
16:14 of 1st period - Slapshot by Aliaksei Protas.
16:14 of 1st period - Shot Misses the Net.
16:25 of 1st period - Snap shot by Zac Jones.
16:25 of 1st period - Deflect By Radek Faksa.
16:25 of 1st period - Shot Misses the Net.
16:25 of 1st period - Puck is out of play.
16:26 of 1st period - Colton Sissons wins face-off versus Kiefer Sherwood in Arizona Coyotes zone.
16:37 of 1st period - Wrist shot by Anders Lee.
16:37 of 1st period - Stopped by Jake Allen with a rebound.
17:22 of 1st period - Icing by Tyler Bertuzzi.
17:23 of 1st period - Colton Sissons wins face-off versus Mats Zuccarello in Arizona Coyotes zone.
17:26 of 1st period - Slapshot by Kirby Dach.
17:26 of 1st period - Stopped by Elvis Merzlikins with a rebound.
17:28 of 1st period - Snap shot by Jack McBain.
17:28 of 1st period - Stopped by Elvis Merzlikins without a rebound.
17:29 of 1st period - Charlie Coyle wins face-off versus Colton Sissons in Arizona Coyotes zone.
18:01 of 1st period - Snap shot by Jeff Skinner.
18:01 of 1st period - Stopped by Elvis Merzlikins with a rebound.
18:05 of 1st period - Snap shot by Radek Faksa.
18:05 of 1st period - Stopped by Elvis Merzlikins with a rebound.
18:07 of 1st period - Wrist shot by Radek Faksa.
18:07 of 1st period - Shot Misses the Net.
19:09 of 1st period - Johnathan Kovacevic is hit by Will Borgen and loses puck.
19:24 of 1st period - Snap shot by Erik Haula.
19:24 of 1st period - Stopped by Jake Allen with a rebound.
19:50 of 1st period - Snap shot by Cole Guttman.
19:50 of 1st period - Goal by Cole Guttman - Arizona Coyotes : 0 - Philadelphia Flyers : 2.
19:51 of 1st period - Cody Glass wins face-off versus Charlie Coyle in neutral zone.
Goals for this period are 0 for Arizona Coyotes vs 2 for Philadelphia Flyers.
Shots for this period are 9 for Arizona Coyotes vs 16 for Philadelphia Flyers.

2nd period


0:01 of 2nd period - Charlie Coyle wins face-off versus Cody Glass in neutral zone.
0:14 of 2nd period - Slapshot by Cody Glass.
0:14 of 2nd period - Stopped by Elvis Merzlikins without a rebound.
0:15 of 2nd period - Mats Zuccarello wins face-off versus Radek Faksa in Arizona Coyotes zone.
0:19 of 2nd period - Off-side.
0:20 of 2nd period - Paul Cotter wins face-off versus Aliaksei Protas in neutral zone.
0:49 of 2nd period - Slapshot by Kiefer Sherwood.
0:49 of 2nd period - Stopped by Jake Allen with a rebound.
2:01 of 2nd period - Off-side.
2:02 of 2nd period - Alex Steeves wins face-off versus Charlie Coyle in neutral zone.
2:53 of 2nd period - Snap shot by Brandon Duhaime.
2:53 of 2nd period - Shot Blocked by Anthony DeAngelo.
2:55 of 2nd period - Snap shot by Kaapo Kakko.
2:55 of 2nd period - Stopped by Elvis Merzlikins without a rebound.
2:56 of 2nd period - Charlie Coyle wins face-off versus Radek Faksa in Arizona Coyotes zone.
3:30 of 2nd period - Zac Jones is hit by Mason McTavish and loses puck.
3:47 of 2nd period - Snap shot by Kirby Dach.
3:47 of 2nd period - Stopped by Elvis Merzlikins without a rebound.
3:48 of 2nd period - Alex Steeves wins face-off versus Charlie Coyle in Arizona Coyotes zone.
4:35 of 2nd period - Jack McBain is hit by Ryan Donato.
4:39 of 2nd period - Snap shot by Kirby Dach.
4:39 of 2nd period - Stopped by Elvis Merzlikins with a rebound.
4:41 of 2nd period - Slapshot by Joel Edmundson.
4:41 of 2nd period - Deflect By Colton Sissons.
4:41 of 2nd period - Shot Misses the Net.
4:41 of 2nd period - Puck is out of play.
4:42 of 2nd period - Mason McTavish wins face-off versus Cody Glass in Arizona Coyotes zone.
4:42 of 2nd period - Mason McTavish is hit by Nick Blankenburg.
4:50 of 2nd period - Wrist shot by Mason McTavish.
4:50 of 2nd period - Goal by Mason McTavish - Arizona Coyotes : 1 - Philadelphia Flyers : 2.
4:51 of 2nd period - Charlie Coyle wins face-off versus Cody Glass in neutral zone.
4:59 of 2nd period - Minor Penalty to Kaapo Kakko for Slashing.
5:00 of 2nd period - Aliaksei Protas wins face-off versus Colton Sissons in Philadelphia Flyers zone.
5:04 of 2nd period - Snap shot by Aliaksei Protas.
5:04 of 2nd period - Goal by Aliaksei Protas - Arizona Coyotes : 2 - Philadelphia Flyers : 2.
5:05 of 2nd period - Alex Steeves wins face-off versus Kiefer Sherwood in neutral zone.
5:05 of 2nd period - Alex Steeves is hit by Johnathan Kovacevic.
5:08 of 2nd period - Off-side.
5:09 of 2nd period - Alex Steeves wins face-off versus Charlie Coyle in neutral zone.
5:43 of 2nd period - Slapshot by Colton Sissons.
5:43 of 2nd period - Shot Misses the Net.
6:38 of 2nd period - Brayden McNabb is hit by Cole Guttman and loses puck.
7:26 of 2nd period - Slapshot by Colton Sissons.
7:26 of 2nd period - Shot Blocked by Tyler Bertuzzi.
7:28 of 2nd period - Wrist shot by Nick Blankenburg.
7:28 of 2nd period - Stopped by Elvis Merzlikins without a rebound.
7:29 of 2nd period - Cody Glass wins face-off versus Mason McTavish in Arizona Coyotes zone.
7:50 of 2nd period - Minor Penalty to Mason McTavish for Interference.
7:51 of 2nd period - Colton Sissons wins face-off versus Kiefer Sherwood in Arizona Coyotes zone.
7:56 of 2nd period - Snap shot by Colton Sissons.
7:56 of 2nd period - Goal by Colton Sissons - Arizona Coyotes : 2 - Philadelphia Flyers : 3.
7:57 of 2nd period - Charlie Coyle wins face-off versus Radek Faksa in neutral zone.
8:00 of 2nd period - Slapshot by Kiefer Sherwood.
8:00 of 2nd period - Shot Misses the Net.
8:22 of 2nd period - Colton Sissons is hit by Tyler Bertuzzi and loses puck.
8:53 of 2nd period - Slapshot by Ryan Donato.
8:53 of 2nd period - Stopped by Jake Allen without a rebound.
8:54 of 2nd period - Charlie Coyle wins face-off versus Cody Glass in Philadelphia Flyers zone.
8:55 of 2nd period - Wrist shot by Kiefer Sherwood.
8:55 of 2nd period - Goal by Kiefer Sherwood - Arizona Coyotes : 3 - Philadelphia Flyers : 3.
8:56 of 2nd period - Charlie Coyle wins face-off versus Cody Glass in neutral zone.
9:01 of 2nd period - Snap shot by Anders Lee.
9:01 of 2nd period - Deflect By Kaapo Kakko.
9:01 of 2nd period - Shot Blocked by Nick Blankenburg.
9:01 of 2nd period - Puck is out of play.
9:02 of 2nd period - Charlie Coyle wins face-off versus Cody Glass in Philadelphia Flyers zone.
9:05 of 2nd period - Slapshot by Charlie Coyle.
9:05 of 2nd period - Stopped by Jake Allen with a rebound.
9:07 of 2nd period - Backhand shot by Kiefer Sherwood.
9:07 of 2nd period - Shot Blocked by Cody Glass.
9:09 of 2nd period - Wrist shot by Johnathan Kovacevic.
9:09 of 2nd period - Deflect By Nick Blankenburg.
9:09 of 2nd period - Stopped by Jake Allen with a rebound.
9:11 of 2nd period - Slapshot by Kiefer Sherwood.
9:11 of 2nd period - Stopped by Jake Allen without a rebound.
9:12 of 2nd period - Radek Faksa wins face-off versus Aliaksei Protas in Philadelphia Flyers zone.
9:17 of 2nd period - Johnathan Kovacevic is hit by Nick Blankenburg and loses puck.
11:02 of 2nd period - Off-side.
11:03 of 2nd period - Alex Steeves wins face-off versus Charlie Coyle in neutral zone.
11:05 of 2nd period - Nick Blankenburg is hit by Radko Gudas and loses puck.
11:28 of 2nd period - Radko Gudas is hit by Colton Sissons and loses puck.
11:52 of 2nd period - Off-side.
11:53 of 2nd period - Mason McTavish wins face-off versus Cody Glass in neutral zone.
11:56 of 2nd period - Will Borgen is hit by Vladimir Tarasenko and loses puck.
12:19 of 2nd period - Colton Sissons is hit by Anders Lee.
12:43 of 2nd period - Brayden McNabb is hit by Nick Blankenburg.
12:49 of 2nd period - Wrist shot by Kiefer Sherwood.
12:49 of 2nd period - Stopped by Jake Allen with a rebound.
12:55 of 2nd period - Snap shot by Anders Lee.
12:55 of 2nd period - Stopped by Jake Allen without a rebound.
12:56 of 2nd period - Aliaksei Protas wins face-off versus Radek Faksa in Philadelphia Flyers zone.
13:26 of 2nd period - Backhand shot by Ross Colton.
13:26 of 2nd period - Shot Blocked by Alex Steeves.
13:28 of 2nd period - Slapshot by Radko Gudas.
13:28 of 2nd period - Shot Blocked by Thomas Novak.
13:30 of 2nd period - Snap shot by Ross Colton.
13:30 of 2nd period - Shot Blocked by Alex Steeves.
13:32 of 2nd period - Wrist shot by Radko Gudas.
13:32 of 2nd period - Stopped by Jake Allen with a rebound.
14:21 of 2nd period - Nick Blankenburg is hit by Anthony DeAngelo and loses puck.
14:32 of 2nd period - Wrist shot by Aliaksei Protas.
14:32 of 2nd period - Stopped by Jake Allen without a rebound.
14:33 of 2nd period - Erik Haula wins face-off versus Alex Steeves in Philadelphia Flyers zone.
14:36 of 2nd period - Wrist shot by Ross Colton.
14:36 of 2nd period - Shot Blocked by Thomas Novak.
14:38 of 2nd period - Slapshot by Johnathan Kovacevic.
14:38 of 2nd period - Stopped by Jake Allen without a rebound.
14:39 of 2nd period - Erik Haula wins face-off versus Alex Steeves in Philadelphia Flyers zone.
15:11 of 2nd period - Wrist shot by Thomas Novak.
15:11 of 2nd period - Stopped by Elvis Merzlikins without a rebound.
15:12 of 2nd period - Cody Glass wins face-off versus Mats Zuccarello in Arizona Coyotes zone.
15:44 of 2nd period - Snap shot by Paul Cotter.
15:44 of 2nd period - Shot Misses the Net.
16:00 of 2nd period - Wrist shot by Kirby Dach.
16:00 of 2nd period - Shot Misses the Net.
16:02 of 2nd period - Wrist shot by Colton Sissons.
16:02 of 2nd period - Stopped by Elvis Merzlikins with a rebound.
16:08 of 2nd period - Slapshot by Colton Sissons.
16:08 of 2nd period - Stopped by Elvis Merzlikins with a rebound.
16:38 of 2nd period - Snap shot by Brandon Duhaime.
16:38 of 2nd period - Shot Misses the Net.
17:40 of 2nd period - Alex Steeves is hit by Ondrej Palat.
17:44 of 2nd period - Zac Jones is hit by Ross Colton and loses puck.
18:03 of 2nd period - Henri Jokiharju is hit by Johnathan Kovacevic and loses puck.
18:09 of 2nd period - Off-side.
18:10 of 2nd period - Mason McTavish wins face-off versus Radek Faksa in neutral zone.
18:23 of 2nd period - Snap shot by Paul Cotter.
18:23 of 2nd period - Shot Misses the Net.
18:42 of 2nd period - Snap shot by Cody Glass.
18:42 of 2nd period - Stopped by Elvis Merzlikins without a rebound.
18:43 of 2nd period - Charlie Coyle wins face-off versus Colton Sissons in Arizona Coyotes zone.
18:51 of 2nd period - Snap shot by Anders Lee.
18:51 of 2nd period - Goal by Anders Lee - Arizona Coyotes : 4 - Philadelphia Flyers : 3.
18:52 of 2nd period - Radek Faksa wins face-off versus Aliaksei Protas in neutral zone.
18:58 of 2nd period - Off-side.
18:59 of 2nd period - Radek Faksa wins face-off versus Aliaksei Protas in neutral zone.
19:02 of 2nd period - Slapshot by Paul Cotter.
19:02 of 2nd period - Shot Misses the Net.
19:08 of 2nd period - Jeff Skinner is hit by Aliaksei Protas and loses puck.
19:22 of 2nd period - Icing by Joel Edmundson.
19:23 of 2nd period - Radek Faksa wins face-off versus Charlie Coyle in Philadelphia Flyers zone.
19:47 of 2nd period - Icing by Kaapo Kakko.
19:48 of 2nd period - Mason McTavish wins face-off versus Cody Glass in Philadelphia Flyers zone.
19:58 of 2nd period - Snap shot by Kaapo Kakko.
19:58 of 2nd period - Shot Misses the Net.
Goals for this period are 4 for Arizona Coyotes vs 1 for Philadelphia Flyers.
Shots for this period are 14 for Arizona Coyotes vs 10 for Philadelphia Flyers.

3rd period


0:01 of 3rd period - Charlie Coyle wins face-off versus Alex Steeves in neutral zone.
0:04 of 3rd period - Minor Penalty to J.J. Moser for Slashing.
0:05 of 3rd period - Colton Sissons wins face-off versus Charlie Coyle in Philadelphia Flyers zone.
0:46 of 3rd period - Henri Jokiharju is hit by Aliaksei Protas and loses puck.
1:41 of 3rd period - Icing by Kiefer Sherwood.
1:42 of 3rd period - Colton Sissons wins face-off versus Charlie Coyle in Arizona Coyotes zone.
2:04 of 3rd period - Penalty to J.J. Moser is over, J.J. Moser is back on ice.
2:26 of 3rd period - Minor Penalty to J.J. Moser for Diving.
2:27 of 3rd period - Radek Faksa wins face-off versus Aliaksei Protas in Philadelphia Flyers zone.
2:57 of 3rd period - Slapshot by Charlie Coyle.
2:57 of 3rd period - Stopped by Jake Allen without a rebound.
2:58 of 3rd period - Colton Sissons wins face-off versus Charlie Coyle in Philadelphia Flyers zone.
3:23 of 3rd period - Jared Spurgeon is hit by Nick Blankenburg and loses puck.
3:32 of 3rd period - Henri Jokiharju is hit by Aliaksei Protas and loses puck.
4:26 of 3rd period - Penalty to J.J. Moser is over, J.J. Moser is back on ice.
5:24 of 3rd period - Wrist shot by Cody Glass.
5:24 of 3rd period - Deflect By Brandon Duhaime.
5:24 of 3rd period - Stopped by Elvis Merzlikins with a rebound.
6:09 of 3rd period - Off-side.
6:10 of 3rd period - Cole Guttman wins face-off versus Erik Haula in neutral zone.
6:10 of 3rd period - Thomas Novak is hit by Erik Haula and loses puck.
6:19 of 3rd period - Snap shot by Thomas Novak.
6:19 of 3rd period - Shot Misses the Net.
6:21 of 3rd period - Slapshot by Thomas Novak.
6:21 of 3rd period - Deflect By Cole Guttman.
6:21 of 3rd period - Deflect By Ross Colton.
6:21 of 3rd period - Shot Blocked by Jared Spurgeon.
6:21 of 3rd period - Puck is out of play.
6:22 of 3rd period - Colton Sissons wins face-off versus Aliaksei Protas in Arizona Coyotes zone.
6:31 of 3rd period - Colton Sissons is hit by Radko Gudas and loses puck.
6:48 of 3rd period - Tyler Bertuzzi is hit by Cole Guttman and loses puck.
7:05 of 3rd period - Wrist shot by Mats Zuccarello.
7:05 of 3rd period - Shot Misses the Net.
7:07 of 3rd period - Snap shot by Johnathan Kovacevic.
7:07 of 3rd period - Shot Blocked by Thomas Novak.
7:09 of 3rd period - Wrist shot by Radko Gudas.
7:09 of 3rd period - Stopped by Jake Allen with a rebound.
7:11 of 3rd period - Wrist shot by Mats Zuccarello.
7:11 of 3rd period - Shot Misses the Net.
7:13 of 3rd period - Snap shot by Johnathan Kovacevic.
7:13 of 3rd period - Stopped by Jake Allen without a rebound.
7:14 of 3rd period - Colton Sissons wins face-off versus Charlie Coyle in Philadelphia Flyers zone.
7:19 of 3rd period - Snap shot by Colton Sissons.
7:19 of 3rd period - Stopped by Elvis Merzlikins with a rebound.
7:29 of 3rd period - Wrist shot by Colton Sissons.
7:29 of 3rd period - Shot Blocked by Brayden McNabb.
8:41 of 3rd period - Slapshot by Colton Sissons.
8:41 of 3rd period - Stopped by Elvis Merzlikins without a rebound.
8:42 of 3rd period - Kirby Dach wins face-off versus Aliaksei Protas in Arizona Coyotes zone.
9:14 of 3rd period - Snap shot by Paul Cotter.
9:14 of 3rd period - Shot Misses the Net.
9:38 of 3rd period - Slapshot by Nick Blankenburg.
9:38 of 3rd period - Stopped by Elvis Merzlikins with a rebound.
9:40 of 3rd period - Backhand shot by Kaapo Kakko.
9:40 of 3rd period - Stopped by Elvis Merzlikins without a rebound.
9:41 of 3rd period - Colton Sissons wins face-off versus Charlie Coyle in Arizona Coyotes zone.
9:42 of 3rd period - Snap shot by Kirby Dach.
9:42 of 3rd period - Stopped by Elvis Merzlikins with a rebound.
10:06 of 3rd period - Mats Zuccarello is hit by Henri Jokiharju and loses puck.
10:49 of 3rd period - Snap shot by Tyler Bertuzzi.
10:49 of 3rd period - Stopped by Jake Allen without a rebound.
10:50 of 3rd period - Charlie Coyle wins face-off versus Paul Cotter in Philadelphia Flyers zone.
11:00 of 3rd period - Minor Penalty to Nick Blankenburg for Roughing.
11:01 of 3rd period - Kiefer Sherwood wins face-off versus Colton Sissons in Philadelphia Flyers zone.
13:00 of 3rd period - Penalty to Nick Blankenburg is over, Nick Blankenburg is back on ice.
13:08 of 3rd period - Wrist shot by Thomas Novak.
13:08 of 3rd period - Shot Misses the Net.
13:10 of 3rd period - Backhand shot by Joel Edmundson.
13:10 of 3rd period - Stopped by Elvis Merzlikins with a rebound.
13:12 of 3rd period - Slapshot by Will Borgen.
13:12 of 3rd period - Stopped by Elvis Merzlikins with a rebound.
13:26 of 3rd period - Slapshot by Radko Gudas.
13:26 of 3rd period - Stopped by Jake Allen with a rebound.
13:28 of 3rd period - Snap shot by Ross Colton.
13:28 of 3rd period - Shot Blocked by Brandon Duhaime.
13:30 of 3rd period - Snap shot by Ondrej Palat.
13:30 of 3rd period - Shot Blocked by Henri Jokiharju.
13:32 of 3rd period - Slapshot by Johnathan Kovacevic.
13:32 of 3rd period - Deflect By Brandon Duhaime.
13:32 of 3rd period - Stopped by Jake Allen with a rebound.
13:34 of 3rd period - Wrist shot by Ross Colton.
13:34 of 3rd period - Shot Misses the Net.
14:38 of 3rd period - Mason McTavish is hit by Will Borgen and loses puck.
14:51 of 3rd period - J.J. Moser is hit by Charlie Coyle.
15:32 of 3rd period - Cole Guttman is hit by Charlie Coyle and loses puck.
16:07 of 3rd period - Brayden McNabb is hit by Cole Guttman and loses puck.
16:30 of 3rd period - Ross Colton is hit by Colton Sissons.
16:34 of 3rd period - J.J. Moser is hit by Anthony DeAngelo and loses puck.
16:47 of 3rd period - Radek Faksa is hit by Anders Lee and loses puck.
17:08 of 3rd period - Mats Zuccarello is hit by Kaapo Kakko and loses puck.
17:31 of 3rd period - Wrist shot by Aliaksei Protas.
17:31 of 3rd period - Stopped by Jake Allen without a rebound.
17:32 of 3rd period - Colton Sissons wins face-off versus Aliaksei Protas in Philadelphia Flyers zone.
17:53 of 3rd period - Erik Haula is hit by Joel Edmundson and loses puck.
18:16 of 3rd period - Wrist shot by Kiefer Sherwood.
18:16 of 3rd period - Goal by Kiefer Sherwood - Arizona Coyotes : 5 - Philadelphia Flyers : 3.
18:17 of 3rd period - Radek Faksa wins face-off versus Vladimir Tarasenko in neutral zone.
18:29 of 3rd period - Joel Edmundson is hit by Vladimir Tarasenko and loses puck.
18:51 of 3rd period - Slapshot by J.J. Moser.
18:51 of 3rd period - Shot Misses the Net.
18:53 of 3rd period - Wrist shot by Cole Guttman.
18:53 of 3rd period - Deflect By Ross Colton.
18:53 of 3rd period - Shot Blocked by Ross Colton.
18:53 of 3rd period - Puck is out of play.
18:54 of 3rd period - Mason McTavish wins face-off versus Radek Faksa in Arizona Coyotes zone.
19:22 of 3rd period - Wrist shot by Charlie Coyle.
19:22 of 3rd period - Shot Blocked by Cole Guttman.
19:24 of 3rd period - Snap shot by Kiefer Sherwood.
19:24 of 3rd period - Shot Misses the Net.
19:26 of 3rd period - Wrist shot by Brayden McNabb.
19:26 of 3rd period - Shot Blocked by Henri Jokiharju.
19:30 of 3rd period - Slapshot by Charlie Coyle.
19:30 of 3rd period - Shot Blocked by Thomas Novak.
19:32 of 3rd period - Wrist shot by Charlie Coyle.
19:32 of 3rd period - Stopped by Jake Allen with a rebound.
19:34 of 3rd period - Snap shot by Anders Lee.
19:34 of 3rd period - Stopped by Jake Allen without a rebound.
19:35 of 3rd period - Brandon Duhaime wins face-off versus Erik Haula in Philadelphia Flyers zone.
19:35 of 3rd period - Brandon Duhaime is hit by Johnathan Kovacevic.
19:49 of 3rd period - Snap shot by Kaapo Kakko.
19:49 of 3rd period - Stopped by Elvis Merzlikins without a rebound.
19:50 of 3rd period - Radek Faksa wins face-off versus Mason McTavish in Arizona Coyotes zone.
19:57 of 3rd period - Slapshot by Radko Gudas.
19:57 of 3rd period - Shot Misses the Net.
19:59 of 3rd period - Snap shot by Johnathan Kovacevic.
19:59 of 3rd period - Deflect By Mason McTavish.
19:59 of 3rd period - Stopped by Jake Allen without a rebound.
Goals for this period are 1 for Arizona Coyotes vs 0 for Philadelphia Flyers.
Shots for this period are 11 for Arizona Coyotes vs 9 for Philadelphia Flyers.